 Dungeon Crawl Stone Soup version 0.30-a0-568-g124715a40b (webtiles) character file.

Game seed: 3666402527113089392

201 bmack86 the Covered (level 5, -1/47 HPs)
             Began as a Minotaur Fighter on Dec 29, 2022.
             Constricted to death by Edmund (4 damage)
             ... on level 4 of the Dungeon.
             The game lasted 00:09:22 (2519 turns).

bmack86 the Covered (Minotaur Fighter)              Turns: 2519, Time: 00:09:23

Health: -1/47      AC:  7    Str: 23    XL:     5   Next: 50%
Magic:  4/4        EV:  6    Int:  5    God:
Gold:   165        SH:  4    Dex:  9    Spells: 4/4 levels left

rFire   + . .      SeeInvis .    a - +0 war axe
rCold   + . .      Faith    .    c - +0 buckler
rNeg    . . .      Spirit   .    b - +0 scale mail
rPois   .          Reflect  .    (helmet restricted)
rElec   .          Harm     .    n - scarf {rC+ rF+}
rCorr   .          Rampage  .    (no gloves)
Will    .....                    (no boots) Stlth
                                 (no amulet)
HPRegen 0.27/turn                (no ring)
MPRegen 0.09/turn                (no ring)

@: lethally poisoned (-1 -> -7), grasped by roots, constricted
A: horns 2, retaliatory headbutt
a: no special abilities


You were on level 4 of the Dungeon.
You visited 1 branch of the dungeon, and saw 4 of its levels.

You collected 165 gold pieces.

Inventory:

Hand Weapons
 a - a +0 war axe (weapon)
Missiles
 k - 3 boomerangs (quivered)
 x - 3 poisoned darts
Armour
 b - a +0 scale mail (worn)
 c - a +0 buckler (worn)
 n - a scarf of resistance (worn)
Jewellery
 p - a ring of wizardry
Wands
 m - a wand of paralysis (9)
Scrolls
 o - 2 scrolls of immolation
 r - a scroll of enchant weapon {unknown}
 s - a scroll of noise
 t - 2 scrolls of amnesia
 v - a scroll of torment {unknown}
Potions
 d - a potion of might
 e - 3 potions of magic
 g - 4 potions of mutation
 h - a potion of lignification {unknown}
 i - 3 potions of curing
 j - a potion of berserk rage {unknown}
 l - a potion of haste {unknown}
 q - 2 potions of ambrosia
 u - 2 potions of cancellation {unknown}
 w - a potion of attraction {unknown}


   Skills:
 + Level 4.6 Fighting
 * Level 4.6 Axes
 + Level 1.0 Throwing
 + Level 4.6 Armour
 + Level 4.5 Shields


You had 4 spell levels left.
You didn't know any spells.
Your spell library was empty.

Dungeon Overview and Level Annotations

Branches:
Dungeon (4/15)
 Temple: D:4-7

Altars:

Shops:
D:3 :

Annotations:
D:4 Edmund


Innate Abilities, Weirdness & Mutations

You have a pair of horns on your head.
You reflexively headbutt those who attack you in melee.


Message History

The killer bee buzzes angrily.
You hear an angry buzzing noise.
The killer bee completely misses you.
A killer bee comes into view.
The killer bee closely misses you. The killer bee stings you.
Edmund zaps a wand.
The roots erupt in riotous growth!
The killer bee is unaffected.
The grasping roots grab you!
The killer bee is unaffected.
The grasping roots constrict you. The killer bee stings you.
You hear an angry buzzing noise.
You hear a shout! x2
You barely miss the killer bee. You closely miss the killer bee.
The killer bee stings you! You block the killer bee's attack.
The killer bee stings you. The grasping roots constrict you!
The grasping roots release their grip on you.
You hit the killer bee.
The killer bee is lightly wounded.
You hit the killer bee but do no damage.
You barely miss the killer bee. You block the killer bee's attack.
The killer bee stings you. The killer bee barely misses you.
A killer bee comes into view.
The killer bee stings you.
* * * LOW HITPOINT WARNING * * *
The killer bee stings you but does no damage.
You block the killer bee's attack.
Edmund zaps a wand.
The roots erupt in riotous growth!
The killer bee is unaffected.
The grasping roots grab you!
The killer bee is unaffected. x3; The grasping roots constrict you.
* * * LOW HITPOINT WARNING * * *
The killer bee closely misses you.
The killer bee stings you but does no damage.
The killer bee buzzes angrily.
You miss the killer bee. x2
You hit the killer bee but do no damage.
A killer bee comes into view.
The killer bee stings you but does no damage.
The killer bee barely misses you. The killer bee stings you.
* * * LOW HITPOINT WARNING * * *
You are lethally poisoned!
The killer bee poisons you! The grasping roots constrict you.
You die...

##.............
...!.........y.
...............
#.[............
.......$.....y.
...........@#
#....yyy?#
##...@...###.
#....y#...... #....#..#
#.≈≈≈ #.## #..##..≈?≈
######..#...≈≈≈
#.................#
###.........#......##
#...................##
#........##..........##


You could see Edmund and 6 killer bees.

Vanquished Creatures
  A hound (D:3)
  Jessica (D:2)
  A hound zombie (D:3)
  3 adders
  2 adder zombies (D:3)
  An adder skeleton (D:3)
  2 worms (D:2)
  2 dart slugs
  2 orcs (D:3)
  3 ball pythons
  7 endoplasms
  3 giant cockroaches
  11 goblins
  11 hobgoblins
  4 jackals (D:1)
  3 quokkas
  2 bats (D:1)
  4 frilled lizards
  A jackal skeleton (D:3)
  8 kobolds
  7 rats
79 creatures vanquished.

Vanquished Creatures (others)
  4 withered plants (D:3)
4 creatures vanquished.

Grand Total: 83 creatures vanquished

Notes
Turn   | Place    | Note
-------+----------+-------------------------------------------
     0 | D:1      | bmack86 the Minotaur Fighter began the quest for the Orb.
     0 | D:1      | Reached XP level 1. HP: 19/19 MP: 0/0
    98 | D:1      | Reached XP level 2. HP: 23/27 MP: 1/1
   663 | D:2      | Reached XP level 3. HP: 31/33 MP: 2/2
  1040 | D:2      | Noticed Jessica
  1052 | D:2      | Killed Jessica
  1053 | D:2      | Reached XP level 4. HP: 21/40 MP: 3/3
  1738 | D:3      | Reached XP level 5. HP: 47/47 MP: 4/4
  2196 | D:3      | Found Atemal's Book Boutique.
  2311 | D:3      | Reached skill level 1 in Throwing
  2515 | D:4      | Noticed Edmund
  2519 | D:4      | Constricted to death by Edmund

Illustrated notes

Levels and vault maps discovered:
D:1:      spicycebolla_arrival_ecumenical, layout_rooms, serial_bayou_ford_a,
          st_stairs_4
D:2:      kennysheep_the_goblin_king, layout_loops_ring, uniq_jessica
D:3:      layout_loops_ring, serial_shops, shop, serial_undead, serial_undead_e,
          serial_undead_b, serial_undead_d, serial_undead_c,
          kennysheep_generic_room_2
D:4:      gammafunk_steamed_eel, layout_cave_pools, makhleb_blood_cavern_becter,
          roderic_batcave, corexii_item_surrounded_by_moat, hex_large,
          nrook_mini_vaults, uniq_edmund

Skill      XL: |  1  2  3  4  5 |
---------------+----------------+-----
Axes           | 3 4 |  4.6
Fighting       | 4 |  4.6
Armour         | 4 |  4.6
Shields        | 4 |  4.5
Throwing       | 1 |  1.0

Action                   |  1- 3 |  4- 6 || total
-------------------------+-------+-------++-------
Melee: War axe           |    82 |    65 ||   147
       Headbutt          |    10 |    11 ||    21
Throw: Boomerang         |       |    19 ||    19
  Use: Scroll            |     3 |     7 ||    10
Armor: Scale mail        |    45 |    38 ||    83
Dodge: Dodged            |    45 |    31 ||    76
Block: Buckler           |    20 |    16 ||    36

Table legend: (Time is in decaauts)
 A = Elapsed time spent in this place.
 B = Non-inter-level travel time spent in this place.
 C = Inter-level travel time spent in this place.
 D = Time resting spent in this place.
 E = Time spent auto-exploring this place.
 F = Levels seen in this place.
 G = Mean time per level.
                   A        B        C        D        E       F      G
               +--------+--------+--------+--------+--------+-----+--------+
         Total |   2585 |   2527 |     58 |      0 |   1782 |   4 |  646.2 |
       Dungeon |   2585 |   2527 |     58 |      0 |   1782 |   4 |  646.2 |
               +--------+--------+--------+--------+--------+-----+--------+

Top non-repeatable levels by time:
     D:2: 943 daAuts
     D:3: 917 daAuts
     D:1: 679 daAuts
     D:4: 45 daAuts
